 Dungeon Crawl Stone Soup version 0.28-a0-1447-ga5a8893891 (webtiles) character file.

Game seed: 5433209540547969136

11 herbaltea the Covert (level 2, -3/29 HPs)
             Began as a Gnoll Delver on Jan 12, 2022.
             Killed from afar by an orc wizard (6 damage)
             ... with a magic dart
             ... on level 5 of the Dungeon.
             The game lasted 00:02:21 (422 turns).

herbaltea the Covert (Gnoll Delver)                  Turns: 422, Time: 00:02:22

Health: -3/29      AC: 10    Str: 11    XL:     2   Next: 25%
Magic:  2/2        EV: 13    Int:  9    God:
Gold:   0          SH:  0    Dex: 13    Spells: 1/1 levels left

rFire   . . .      SeeInvis .   l - +1 mace (protect)
rCold   . . .      Faith    .   (no shield)
rNeg    . . .      Spirit   .   b - +0 leather armour
rPois   .          Reflect  .   (no helmet)
rElec   .          Harm     .   (no cloak)
rCorr   .          Rampage  .   (no gloves)
Will    .....                   (no boots)
Stlth   ++++......              (no amulet)
HPRegen 0.09/turn               (no ring)
MPRegen 0.08/turn               (no ring)

@: under a protective aura
A: fangs 1, strong nose, distributed training
a: no special abilities


You were on level 5 of the Dungeon.
You visited 1 branch of the dungeon, and saw 1 of its levels.

Inventory:

Hand Weapons
 a - a +0 spear
 j - a +1 flail of protection
 l - a +1 mace of protection (weapon)
Missiles
 h - 34 stones (quivered)
 k - 5 boomerangs
Armour
 b - a +0 leather armour (worn)
Wands
 g - a wand of digging (3)
 i - a wand of iceblast (12)
Scrolls
 c - a scroll of fog
 d - a scroll of magic mapping
 e - a scroll of fear
Potions
 f - a potion of haste


   Skills:
 + Level 6.4 Fighting
 + Level 0.3 Short Blades
 + Level 0.3 Long Blades
 + Level 0.3 Axes
 + Level 0.3 Maces & Flails
 + Level 4.4 Polearms
 + Level 0.3 Staves
 + Level 0.3 Slings
 + Level 0.3 Bows
 + Level 0.3 Crossbows
 + Level 0.3 Throwing
 + Level 0.3 Armour
 + Level 4.4 Dodging
 + Level 9.5 Stealth
 + Level 0.3 Shields
 + Level 0.3 Unarmed Combat
 + Level 0.3 Spellcasting
 + Level 0.2 Conjurations
 + Level 0.2 Hexes
 + Level 0.2 Summonings
 + Level 0.2 Necromancy
 + Level 0.2 Translocations
 + Level 0.2 Transmutations
 + Level 0.2 Fire Magic
 + Level 0.2 Ice Magic
 + Level 0.2 Air Magic
 + Level 0.2 Earth Magic
 + Level 0.2 Poison Magic
 + Level 0.4 Invocations
 + Level 0.3 Evocations


You had one spell level left.
You didn't know any spells.
Your spell library was empty.

Dungeon Overview and Level Annotations

Branches:
Dungeon (5/15)
 Temple: D:4-7

Altars:
The Shining One

Annotations:
D:5 exclusion: sky beast, Blork the orc


Innate Abilities, Weirdness & Mutations

You have very sharp teeth.
Your uncanny sense of smell can sniff out nearby items.
Your experience applies equally to all skills.


Message History

An orc wizard comes into view. It is wielding a +0 dagger.
Things that are here:
a +1 mace of protection; an orc corpse
l - a +1 mace of protection Unknown command.
Your +1 flail of protection goes still.
Your +1 mace of protection hums with potential!
l - a +1 mace of protection (weapon)
An orc wizard is nearby!
You see here an orc corpse.
You see here a +0 club.
You see here a +0 club.
You see here an orc corpse.
You see here a +0 club.
Okay, then.
The orc wizard shouts!
The orc wizard casts a spell at you.
You are confused.
You see here a +0 club.
You bump into the metal wall.
You feel less confused.
The orc wizard gestures at you while chanting.
The magic dart hits you!
You are too injured to fight recklessly!
The orc wizard misses you.
You see here an orc corpse.
You are too injured to fight recklessly!
You miss the orc wizard.
The orc wizard points at you and mumbles some strange words.
The magic dart hits you!
* * * LOW HITPOINT WARNING * * *
You hit the orc wizard.
Your weapon exudes an aura of protection.
The orc wizard is lightly wounded.
The orc wizard barely misses you. The orc wizard closely misses you.
You hit the orc wizard but do no damage.
The orc wizard is lightly wounded.
The orc wizard points at you and mumbles some strange words.
The magic dart hits you.
You die...

.....†....#...#................#
.........###..#................#
........##.##..................#
.......##...##............######
......##..8..##.....).....#
.....##..8.8..##...'#.....#
...### .8._.8. ###........#
.....##..8.8..##..........#
..+...#+..8..##.@...#.....#
..###..##...##..#o..#.....#
....#+..## ##..##.[.#.....#
....'o...###....#...#.....#
....#.....#.....#...#.....#
....#.....#.....#...#.....#
....#..........##...#.....#
...##....#.#...##...#.....#
...#............#...#.....#


You could see an orc wizard.

Vanquished Creatures
  A dart slug (D:5)
  4 orcs (D:5)
5 creatures vanquished.

Notes
Turn   | Place    | Note
-------+----------+-------------------------------------------
     0 | D:5      | Reached skill level 9 in Stealth
     0 | D:5      | herbaltea the Gnoll Delver began the quest for the Orb.
     0 | D:5      | Reached XP level 1. HP: 23/23 MP: 1/1
    36 | D:5      | Found a glowing golden altar of the Shining One.
   236 | D:5      | Noticed Blork the orc
   260 | D:5      | Noticed a sky beast
   337 | D:5      | Reached XP level 2. HP: 29/29 MP: 2/2
   422 | D:5      | Killed from afar by an orc wizard

Illustrated notes

Levels and vault maps discovered:
D:5:      layout_gridville, mainiacjoe_overflow_surrounded_room, tso_metal_star,
          minmay_temple_entry_sparse_star, uniq_grinder,
          uniq_crazy_yiuf_cottage, uniq_prince_ribbit1, uniq_blork_the_orc

Skill      XL: | |
---------------+-+-----
Stealth        | |  9.5
Fighting       | |  6.4
Short Blades   | |  0.3
Long Blades    | |  0.3
Axes           | |  0.3
Maces & Flails | |  0.3
Polearms       | |  4.4
Staves         | |  0.3
Slings         | |  0.3
Bows           | |  0.3
Crossbows      | |  0.3
Throwing       | |  0.3
Armour         | |  0.3
Dodging        | |  4.4
Shields        | |  0.3
Unarmed Combat | |  0.3
Spellcasting   | |  0.3
Conjurations   | |  0.2
Hexes          | |  0.2
Summonings     | |  0.2
Necromancy     | |  0.2
Translocations | |  0.2
Transmutations | |  0.2
Fire Magic     | |  0.2
Ice Magic      | |  0.2
Air Magic      | |  0.2
Earth Magic    | |  0.2
Poison Magic   | |  0.2
Invocations    | |  0.4
Evocations     | |  0.3

Action                   || total
-------------------------++-------
Melee: Spear             ||    33
       Bite              ||     4
       Mace              ||     3
Armor: Leather armour    ||     2
Dodge: Dodged            ||    21

Table legend: (Time is in decaauts)
 A = Elapsed time spent in this place.
 B = Non-inter-level travel time spent in this place.
 C = Inter-level travel time spent in this place.
 D = Time resting spent in this place.
 E = Time spent auto-exploring this place.
 F = Levels seen in this place.
 G = Mean time per level.
                   A        B        C        D        E       F      G
               +--------+--------+--------+--------+--------+-----+--------+
         Total |    417 |    417 |      0 |    178 |     54 |   1 |  417.0 |
       Dungeon |    417 |    417 |      0 |    178 |     54 |   1 |  417.0 |
               +--------+--------+--------+--------+--------+-----+--------+

Top non-repeatable levels by time:
     D:5: 417 daAuts
